Map: Neon Violet Square LE

Players

SamuraiFunn

  • Race: Protoss Protoss
  • League: Platinum
  • Spawn Location: 11:00

A.I. 1 (Elite) - Winner!

  • Race: Terran Terran
  • Spawn Location: 5:00

VOD

Have the link to the VOD?

Description

Time

  • Played on: Nov. 27, 2017, 9:18 p.m.
  • Length: 13:35
Show
View Real Time Build Order
Export as new Build Order

SamuraiFunn Protoss 

Build Orders: 1 Gate Expand 

Get SALT Encoding   

  12  0:01  Probe  
  13  0:14  Probe  
  14  0:27  Pylon  
  14  0:28  Probe  
  15  0:45  Probe  
  16  0:56  Gateway  
  16  0:57  Probe  
  16  1:02  Assimilator  
  17  1:09  Probe  
  18  1:21  Probe  
  19  1:28  Nexus  
  19  1:33  Probe  
  20  1:42  Pylon  
  20  1:46  Probe  
  21  1:47  Assimilator  
  21  1:58  Probe  
  22  2:04  Zealot  
  24  2:15  Cybernetics Core  
  24  2:19  Probe  
  25  2:24  Gateway  
  25  2:31  Pylon  
  25  2:33  Probe  
  26  2:45  Probe  
  26  2:46  Probe  
  28  2:53  Warp Gate (Chrono Boost)  
  28  2:56  Twilight Council  
  28  3:00  Stalker  
  28  3:04  Probe x2  
  32  3:16  Probe x2  
  32  3:17  Stalker  
  36  3:28  Probe x2  
  38  3:40  Probe x2  
  40  3:42  Gateway  
  40  3:52  Probe x2  
  42  4:04  Probe x2  
  44  4:12  Templar Archives  
  44  4:13  Robotics Facility  
  44  4:16  Probe x2  
  46  4:22  Assimilator  
  46  4:28  Probe x2  
  48  4:35  Gateway  
  48  4:36  Stalker  
  48  4:37  Stalker  
  52  4:40  Probe x2  
  54  4:48  Pylon  
  54  4:52  Pylon  
  54  5:06  Probe x2  
  56  5:08  Assimilator  
  56  5:11  Psionic Storm  
  56  5:18  Probe x2  
  58  5:25  Nexus  
  58  5:27  Pylon  
  58  5:30  Probe x2, Observer, Pylon  
  61  5:42  Probe x2  
  63  5:51  Observer, Blink  
  63  5:54  Probe x2  
  66  5:58  Stalker  
  66  5:59  Stalker x3  
  74  6:12  Probe x2, Warp Prism  
  78  6:24  Probe x2  
  80  6:33  Assimilator  
  80  6:34  High Templar  
  80  6:35  High Templar x2  
  80  6:37  Probe x2, Assimilator  
  88  6:45  Probe  
  89  6:49  Pylon  
  89  6:50  Probe x2  
  91  6:56  Pylon  
  91  6:57  Warp Prism  
  91  6:59  Pylon  
  93  7:12  Probe x3  
  96  7:17  High Templar x3  
  101  7:56  Gateway  
  101  7:58  Gateway  
  101  8:02  Gateway x2  
  101  8:21  Immortal  
  101  8:25  Stalker  
  101  8:26  Stalker x3  
  113  8:56  Forge  
  113  9:00  Forge x2  
  113  9:02  Pylon  
  113  9:05  Immortal  
  113  9:06  Pylon  
  117  9:11  Pylon  
  117  9:16  Stalker x3  
  120  9:18  Stalker  
  120  9:19  Stalker x3  
  122  9:24  Pylon  
  122  9:26  Pylon  
  122  9:28  Pylon  
  113  9:32  Pylon  
  113  9:34  Pylon  
  85  10:10  Stalker x4  
  85  10:11  Stalker x2  
  85  10:12  Stalker  
  95  10:27  Probe x2  
  97  10:29  Probe  
  98  10:39  Probe  
  98  10:40  Probe  
  98  10:41  Probe, Stalker  
  98  10:42  Stalker x6  
  113  10:43  Stalker  
  113  10:47  Protoss Ground Armor Level 1 (Chrono Boost), Protoss Ground Weapons Level 1 (Chrono Boost)  
  113  10:48  Protoss Shields Level 1 (Chrono Boost)  
  117  10:51  Probe  
  117  10:52  Probe  
  117  10:54  Probe  
  120  11:03  Probe  
  120  11:04  Probe  
  122  11:06  Probe  
  122  11:10  Stalker x3  
  129  11:12  High Templar, Nexus  
  129  11:13  High Templar x4  
  129  11:14  Pylon  
  129  11:16  Probe x2, Pylon  
  141  11:18  Pylon  
  141  11:21  Pylon  
  141  11:23  Assimilator  
  141  11:25  Assimilator  
  141  11:48  Immortal  
  145  12:13  Stalker x4  
  145  12:14  Stalker x4  
  161  12:27  Immortal  
  155  12:50  Archon x2  
  81  13:09  Stalker x4  
  81  13:10  Stalker x4  
Show
View Real Time Build Order
Export as new Build Order

A.I. 1 (Elite) Terran - Winner!

Build Orders: MMM Bio 

Get SALT Encoding   

  12  0:00  SCV  
  13  0:13  SCV  
  14  0:20  Supply Depot  
  14  0:25  SCV  
  15  0:42  SCV  
  16  0:54  SCV  
  16  0:55  Refinery  
  17  0:59  Barracks  
  17  1:06  SCV  
  18  1:18  SCV  
  19  1:29  Command Center  
  19  1:41  Supply Depot  
  19  1:43  SCV  
  20  1:47  Marine  
  21  2:01  Factory  
  21  2:14  Barracks  
  21  2:16  SCV  
  21  2:19  Marine  
  23  2:28  SCV  
  24  2:33  Supply Depot  
  24  2:39  Marine  
  24  2:40  SCV  
  26  2:47  Factory Tech Lab  
  26  2:50  SCV  
  27  3:01  Orbital Command  
  27  3:08  Marine, Refinery  
  28  3:16  Orbital Command  
  28  3:19  Marine  
  29  3:26  SCV, Marine  
  31  3:37  Marine  
  31  3:39  SCV  
  33  3:42  SCV  
  33  3:44  Marine  
  35  3:51  SCV  
  35  3:53  Barracks  
  35  3:54  SCV  
  35  3:55  Marine  
  38  4:02  Barracks Tech Lab  
  38  4:03  SCV  
  38  4:06  SCV  
  40  4:10  Supply Depot  
  40  4:14  Barracks Tech Lab  
  40  4:15  SCV  
  41  4:18  SCV  
  41  4:19  Marine  
  41  4:23  Stimpack  
  43  4:24  Siege Tank  
  43  4:27  SCV  
  43  4:30  SCV  
  48  4:31  Combat Shields  
  48  4:32  Marine  
  48  4:37  Marine  
  50  4:39  SCV  
  50  4:40  Marine  
  50  4:42  SCV  
  53  4:46  Supply Depot  
  53  4:50  Marine  
  53  4:51  SCV  
  55  4:54  SCV  
  55  4:56  Marauder  
  58  5:03  SCV  
  58  5:06  SCV  
  60  5:08  Engineering Bay, Marauder, Barracks Reactor  
  62  5:15  SCV  
  62  5:16  Command Center  
  62  5:17  Marauder  
  65  5:27  Supply Depot  
  65  5:29  SCV, Marauder  
  65  5:30  SCV  
  69  5:35  Terran Infantry Weapons Level 1  
  69  5:41  SCV  
  69  5:42  Engineering Bay  
  70  5:48  SCV, Marauder, Refinery  
  73  5:50  Starport  
  73  5:51  Supply Depot  
  73  5:54  SCV  
  73  5:56  Marauder  
  75  6:00  SCV  
  76  6:06  Refinery  
  76  6:08  Terran Infantry Armor Level 1  
  76  6:13  SCV x2, Marine, Marauder  
  76  6:14  Missile Turret  
  76  6:16  Supply Depot  
  76  6:18  Concussive Shells, Marauder  
  83  6:25  SCV  
  84  6:27  Medivac, Marine  
  84  6:28  SCV x2  
  89  6:34  Missile Turret  
  89  6:35  Marauder  
  89  6:37  SCV  
  89  6:39  Marauder  
  94  6:40  SCV  
  94  6:45  SCV, Supply Depot  
  96  6:49  SCV  
  96  6:52  SCV  
  98  6:56  Marauder  
  98  6:57  SCV, Medivac, Missile Turret  
  98  7:00  Marauder  
  105  7:01  SCV  
  105  7:03  Missile Turret  
  105  7:04  SCV  
  107  7:09  SCV  
  107  7:10  Barracks  
  107  7:13  SCV, Supply Depot  
  109  7:16  SCV  
  109  7:19  Marine  
  109  7:21  SCV, Marine  
  113  7:27  Starport Tech Lab  
  113  7:32  Refinery  
  113  7:34  SCV, Marine, Orbital Command, Missile Turret  
  113  7:35  SCV, Marine  
  113  7:36  Supply Depot  
  117  7:41  Marauder  
  118  7:45  Medivac  
  118  7:46  SCV  
  118  7:47  SCV  
  122  7:54  Missile Turret  
  122  7:59  SCV, Marauder, Refinery  
  122  8:01  Ghost Academy  
  122  8:02  Supply Depot  
  125  8:08  Armory  
  125  8:10  SCV x2  
  127  8:15  Viking  
  127  8:17  Missile Turret  
  129  8:24  Marauder  
  129  8:25  Marauder  
  129  8:26  Supply Depot  
  133  8:45  Ghost x2, Viking  
  139  8:50  Supply Depot  
  139  8:53  Command Center  
  139  8:58  Terran Infantry Weapons Level 2  
  139  9:07  Terran Infantry Armor Level 2  
  139  9:13  Ghost  
  139  9:14  Ghost, Supply Depot  
  139  9:15  Viking  
  145  9:25  Missile Turret  
  145  9:27  Missile Turret  
  145  9:35  Factory  
  145  9:39  Supply Depot  
  145  9:42  Ghost x2  
  145  9:43  Starport  
  145  9:44  Marine  
  145  9:45  Raven  
  147  9:47  Marine  
  147  9:48  Marine  
  120  10:02  Marine  
  120  10:05  Marine x2  
  108  10:11  Marine, Planetary Fortress, Refinery  
  108  10:12  Marauder  
  106  10:16  Refinery  
  106  10:18  Viking  
  106  10:19  Missile Turret  
  106  10:20  Marine  
  104  10:22  Missile Turret  
  104  10:23  Marine  
  104  10:24  Marine, Armory, Factory Tech Lab  
  104  10:25  Command Center  
  104  10:28  Raven  
  108  10:29  Marauder  
  108  10:33  Barracks, Marauder  
  112  10:38  Marine  
  112  10:41  Marine  
  112  10:42  Marine  
  115  10:49  Starport Reactor  
  115  10:50  Marine  
  115  10:53  Liberator  
  115  10:54  Marauder  
  115  10:55  Marine  
  119  10:59  Marine  
  119  11:01  Barracks Tech Lab  
  120  11:07  Liberator  
  120  11:08  Marauder  
  125  11:13  Marine  
  125  11:14  Hi-Sec Auto Tracking  
  125  11:16  Marauder  
  125  11:17  Marine  
  129  11:18  Marine  
  129  11:19  Marine  
  129  11:24  Building Armor  
  129  11:25  Viking  
  136  11:30  Marauder  
  136  11:31  Marine  
  139  11:34  Marine  
  139  11:36  Ghost, Liberator  
  139  11:37  Marine, Marauder  
  145  11:42  Planetary Fortress  
  145  11:43  Refinery  
  145  11:45  Command Center, Missile Turret  
  145  11:49  Marine  
  145  11:51  Marauder  
  145  11:52  Marine  
  145  11:53  Missile Turret  
  152  11:54  Medivac  
  152  11:55  Marine  
  152  11:56  Missile Turret  
  152  11:57  Ghost  
  152  11:59  Missile Turret  
  152  12:01  Refinery  
  157  12:06  Marauder  
  157  12:07  Marine, Viking  
  162  12:12  Marauder  
  162  12:13  Marine  
  162  12:14  Marine  
  166  12:20  Liberator  
  166  12:24  Medivac  
  166  12:25  Marine  
  166  12:27  Marauder x2  
  166  12:28  SCV  
  173  12:31  Marine x2  
  173  12:34  Marauder  
  173  12:36  Viking  
  179  12:42  Marine  
  176  12:48  Marauder x2  
  176  12:49  Marine x2  
  162  12:54  Viking  
  162  12:55  Marauder  
  162  12:56  Missile Turret  
  162  12:57  Planetary Fortress  
  160  13:00  Marine  
  160  13:05  Missile Turret  
  159  13:06  Marine  
  159  13:07  Marine, Missile Turret x2  
  159  13:09  Marauder  
  159  13:10  Marauder  
  167  13:15  Command Center  
Tags
 
Composition
MMM Bio
League
Platinum
Matchup
PvT
Replay Pack
First 100 games
Spawn Locations
Cross Positions
Add a new tag
Caveats
  • Supply blocks, unpowered buildings, or Contaminate may cause inaccurate times.
  • Supply counts are checked every 10 seconds.